 Dungeon Crawl Stone Soup version 0.29.1-13-g9f3cf754e1 (webtiles) character file.

Game seed: 7876710029292892085

1302 Exodus22XD the Chopper (level 8, -2/70 HPs)
             Began as a Minotaur Fighter on Feb 4, 2023.
             Was a Follower of the Shining One.
             Slain by an orc warrior
             ... wielding a +0 war axe
              (13 damage)
             ... in a bailey.
             The game lasted 00:06:00 (4804 turns).

Exodus22XD the Chopper (Minotaur Fighter)           Turns: 4804, Time: 00:06:02

Health: -2/70      AC:  7    Str: 23    XL:     8   Next: 31%
Magic:  7/7        EV:  9    Int: 11    God:    the Shining One [*.....]
Gold:   322        SH:  4    Dex:  7    Spells: 7/7 levels left

rFire   + . .      SeeInvis .   C - +12 spear "Seusint" {spect, rN++ Int+6 Dex-3}
rCold   . . .      Faith    .   c - +0 buckler
rNeg    + + .      Spirit   .   b - +0 scale mail
rPois   .          Reflect  .   (helmet restricted)
rElec   .          Harm     .   (no cloak)
rCorr   +          Rampage  .   (no gloves)
Will    .....                   (no boots)
Stlth   ..........              (no amulet)
HPRegen 0.21/turn               r - ring of protection from fire
MPRegen 0.10/turn               m - ring of resist corrosion

@: glowing
A: horns 2, retaliatory headbutt
a: Renounce Religion, Divine Shield


You were in a bailey.
You worshipped the Shining One.
The Shining One was aware of your devotion.
You visited 2 branches of the dungeon, and saw 8 of its levels.
You also visited: Bailey.

You collected 322 gold pieces.

Inventory:

Hand Weapons
 a - a +0 war axe
 l - a +1 war axe of freezing
 C - the +12 spear "Seusint" (weapon) {spect, rN++ Int+6 Dex-3}
   (You found it on level 4 of the Dungeon)

   When its wielder attacks, the weapon's spirit leaps out and strikes again.
   The spirit shares a part of any damage it takes with its wielder.
   Int:       It affects your intelligence (+6).
   Dex:       It affects your dexterity (-3).
   rN:        It greatly protects you from negative energy.
 E - a +2 hand axe of holy wrath
Armour
 b - a +0 scale mail (worn)
 c - a +0 buckler (worn)
Jewellery
 m - a ring of resist corrosion (right hand)
 r - a ring of protection from fire (left hand)
 x - an amulet of magic regeneration
Wands
 p - a wand of quicksilver (6)
 D - a wand of paralysis (9)
Scrolls
 g - 3 scrolls of fog
 h - a scroll of noise {unknown}
 i - 3 scrolls of teleportation {unknown}
 k - a scroll of enchant armour {unknown}
 n - a scroll of summoning {unknown}
 q - a scroll of blinking {unknown}
 v - a scroll of fear
 w - 2 scrolls of enchant weapon {unknown}
 y - a scroll of immolation {unknown}
 B - a scroll of vulnerability {unknown}
 F - 2 scrolls of brand weapon {unknown}
Potions
 d - 3 potions of might
 e - a potion of ambrosia {unknown}
 f - a potion of lignification {unknown}
 j - a potion of magic {unknown}
 o - 3 potions of flight {unknown}
 t - a potion of berserk rage {unknown}
 u - 2 potions of haste {unknown}
 z - 3 potions of heal wounds {unknown}
 A - a potion of attraction {unknown}


   Skills:
 + Level 6.0 Fighting
 + Level 7.7(8.1) Axes
 + Level 3.4(6.0) Polearms
 + Level 7.2 Armour
 + Level 4.9 Shields
 * Level 1.2 Invocations


You had 7 spell levels left.
You didn't know any spells.
Your spell library was empty.

Dungeon Overview and Level Annotations

Branches:
Dungeon (8/15)             Temple (1/1) D:5          Bailey (1/1)
   Lair: D:8-11

Altars:
Ashenzari
Cheibriados
Dithmenos
Fedhas
Hepliaklqana
Kikubaaqudgha
Nemelex Xobeh
Qazlal
Ru
Trog
Uskayaw
Xom
Yredelemnul
Zin
The Shining One

Annotations:
D:5 1 runed translucent door, Crazy Yiuf


Innate Abilities, Weirdness & Mutations

You have a pair of horns on your head.
You reflexively headbutt those who attack you in melee.


Message History

Unknown command.
You reach to attack!
You puncture the gnoll!
You kill the gnoll!
Unknown command.
You puncture the goblin!
You kill the goblin!
You hit the hobgoblin but do no damage.
Your +12 spear "Seusint" {spect, rN++ Int+6 Dex-3} hits the hobgoblin.
You kill the hobgoblin!
Unknown command.
You hit the orc warrior but do no damage.
Your +12 spear "Seusint" {spect, rN++ Int+6 Dex-3} hits the orc warrior.
The orc warrior hits you with a +0 war axe!
The orc warrior completely misses your +12 spear "Seusint" {spect, rN++ Int+6 Dex-3}.
You hit the orc warrior. You headbutt the orc warrior.
The orc warrior is moderately wounded.
Your +12 spear "Seusint" {spect, rN++ Int+6 Dex-3} completely misses the orc warrior.
The orc warrior hits you with a +0 war axe!
The orc warrior misses your +12 spear "Seusint" {spect, rN++ Int+6 Dex-3}.
You hit the orc warrior. Your headbutt misses the orc warrior.
The orc warrior is heavily wounded.
Your +12 spear "Seusint" {spect, rN++ Int+6 Dex-3} closely misses the orc warrior.
The orc warrior hits you with a +0 war axe!
The orc warrior hits your +12 spear "Seusint" {spect, rN++ Int+6 Dex-3} with a +0 war axe!
Your spectral weapon shares its damage with you!
You hit the orc warrior but do no damage.
You headbutt the orc warrior, but do no damage.
The orc warrior is heavily wounded.
Your +12 spear "Seusint" {spect, rN++ Int+6 Dex-3} hits the orc warrior.
Unknown command.
The orc warrior attacks as you move away!
The orc warrior hits you with a +0 war axe!
* * * LOW HITPOINT WARNING * * *
The orc warrior misses your +12 spear "Seusint" {spect, rN++ Int+6 Dex-3}.
You hit the orc warrior.
You headbutt the orc warrior, but do no damage.
The orc warrior is heavily wounded.
Your +12 spear "Seusint" {spect, rN++ Int+6 Dex-3} closely misses the orc warrior.
The orc warrior hits you with a +0 war axe!
You die...

#+## #..#
#..# #..#
#..# .)# ##)#
#o.# #@8#
#.(# #.8####
#.....#######
#.8...#.....#
#...).#.....#
####.)#..⌠..#
#..'.....+
#..'.)...+


You could see an orc warrior and a friendly +12 spear "Seusint" {spect, rN++
Int+6 Dex-3} (summoned).

Vanquished Creatures
  2 orc warriors (Bailey)
  A kobold brigand (D:8)
  A bullfrog (D:8)
  3 scorpions
  5 wights (D:8)
  An electric eel (Bailey)
  2 howler monkeys (D:8)
  An orc priest (D:6)
  3 iguanas
  2 orc wizards (D:6)
  6 gnolls
  8 adders
  A shadow imp (D:6)
  An ufetubus (D:4)
  2 worms
  4 dart slugs
  19 orcs
  8 endoplasms
  4 giant cockroaches
  13 goblins
  9 hobgoblins
  8 jackals
  4 quokkas
  6 ball pythons
  7 bats
  4 frilled lizards
  9 kobolds
  5 rats
139 creatures vanquished.

Notes
Turn   | Place    | Note
-------+----------+-------------------------------------------
     0 | D:1      | Exodus22XD the Minotaur Fighter began the quest for the
                  | Orb.
     0 | D:1      | Reached XP level 1. HP: 19/19 MP: 0/0
   183 | D:1      | Reached XP level 2. HP: 27/27 MP: 1/1
   715 | D:2      | Reached XP level 3. HP: 29/33 MP: 2/2
  1179 | D:2      | Reached XP level 4. HP: 40/40 MP: 3/3
  1655 | D:3      | Identified the +1 hand axe "Tormentor" {vamp, Fragile Fly
                  | Str+4}
  2312 | D:4      | Reached XP level 5. HP: 21/47 MP: 4/4
  2590 | D:4      | Reached skill level 5 in Axes
  2745 | D:4      | Found a shadowy altar of Dithmenos.
  3041 | D:4      | Reached XP level 6. HP: 29/53 MP: 5/5
  3320 | D:4      | Identified the +12 spear "Seusint" {spect, rN++ Int+6
                  | Dex-3}
  3392 | D:5      | Entered Level 5 of the Dungeon
  3412 | D:5      | Found a staircase to the Ecumenical Temple.
  3433 | Temple   | Entered the Ecumenical Temple
  3460 | Temple   | Became a worshipper of the Shining One
  3674 | D:5      | Reached skill level 5 in Armour
  3865 | D:5      | Found a bloodstained altar of Trog.
  3954 | D:5      | Found a runed translucent door.
  3955 | D:5      | Noticed Crazy Yiuf
  4043 | D:5      | Reached skill level 5 in Fighting
  4442 | D:6      | Reached XP level 7. HP: 61/61 MP: 6/6
  4585 | D:6      | You fall into a shaft and drop 2 floors!
  4600 | D:8      | Reached skill level 1 in Polearms
  4641 | D:8      | Reached * piety under the Shining One
  4655 | D:8      | Reached XP level 8. HP: 70/70 MP: 7/7
  4662 | D:8      | Found a flagged portal.
  4685 | Bailey   | Entered a bailey
  4794 | Bailey   | Reached skill level 1 in Invocations
  4804 | Bailey   | Slain by an orc warrior

Illustrated notes

Levels and vault maps discovered:
D:1:      dpeg_arrival_three_same_balls, layout_loops_ring,
          kennysheep_nondescript, chequers_decorated_corner
D:2:      layout_loops_ring
D:3:      layout_basic, corexii_hall_statues_l
D:4:      layout_loops_cross, old_standard_altar, minmay_misc_feat_doors,
          minmay_fractal_squares_gapless_5
D:5:      layout_gridville, trog_book, minmay_temple_entry_purple_smoke,
          uniq_crazy_yiuf_cottage
D:6:      minmay_clustersquares, layout_cave_pools, ebering_ghost_inner_flame,
          serial_co_window_serial, co_window_cross_1, co_window_paths_a,
          co_window_paths_b, co_window_corner_a, co_window_cross_1,
          co_window_unsneaky_path_d, co_window_paths_c, co_window_corner_ca,
          co_window_unsneaky_path_b, co_window_corner_b,
          co_window_of_opportunity_c, glass_columns_a, minmay_manual_mess
D:8:      layout_rooms, enter_bailey_4
Temple:   nicolae_temple_bog_church
Bailey:   bailey_axe_of_yendor_kennysheep, bailey

Skill      XL: |  1  2  3  4  5  6  7  8 |
---------------+-------------------------+-----
Fighting       | 4 5 6 |  6.0
Axes           | 3 4 5 6 7 |  7.7
Armour         | 4 5 6 7 |  7.2
Shields        | 4 |  4.9
Polearms       | 2 3 |  3.4
Invocations    | 1 |  1.2

Action                   |  1- 3 |  4- 6 |  7- 9 || total
-------------------------+-------+-------+-------++-------
Melee: War axe           |    63 |    29 |       ||    92
       Headbutt          |     5 |    15 |     5 ||    25
       Hand axe          |       |    99 |       ||    99
       Spear             |       |    21 |    52 ||    73
  Use: Scroll            |       |       |     5 ||     5
Armor: Scale mail        |    36 |    58 |     5 ||    99
Dodge: Dodged            |    26 |    54 |    14 ||    94
Block: Buckler           |    16 |    29 |     3 ||    48
